 Dungeon Crawl Stone Soup version 0.31-a0-1074-g0b22e4e0f1 (webtiles) character file.

Game seed: 4039776852071652678

8 ytrimaz the Ruffian (level 2, 0/21 HPs)
             Began as a Demonspawn Shapeshifter on Dec 8, 2023.
             Slain by a hobgoblin
             ... wielding a +0 club
              (6 damage)
             ... on level 1 of the Dungeon.
             The game lasted 00:00:16 (100 turns).

ytrimaz the Ruffian (Demonspawn Shapeshifter)        Turns: 100, Time: 00:00:17

Health: 0/21       AC:  4    Str: 14    XL:     2   Next: 0%
Magic:  2/2        EV: 12    Int: 11    God:
Gold:   12         SH:  0    Dex: 12    Spells: 1/1 levels left

rFire   . .          .
                       - Unarmed
rCold   . . .        (no shield)
rNeg    . . .        a - +0 animal skin
rPois   .            (helmet currently unavailable)
rElec   .            (cloak currently unavailable)
rCorr   .            (gloves currently unavailable)
SInv    .            (boots currently unavailable)
Will    .....        (no amulet)
Stlth   +            (no ring)
HPRegen 0.23/turn    (no ring)
MPRegen 0.08/turn

%: no passive effects
@: beast-form
A: beast (slay +1), yellow scales 1
a: Begin Untransformation


You were on level 1 of the Dungeon.
You were a hulking beast.
You visited 1 branch of the dungeon, and saw 1 of its levels.

You collected 12 gold pieces.


Innate Abilities, Weirdness & Mutations

You are a hulking beast.
Your limbs bulge with bestial killing power. (Slay +1)
You are partially covered in yellow scales. (AC +2)


   Skills:
 - Level 1.0 Fighting
 - Level 1.7 Dodging
 + Level 3.0 Unarmed Combat
 + Level 2.9 Shapeshifting


You had one spell level left.
You didn't know any spells.
Your spell library was empty.

Inventory:

Armour
 a - a +0 animal skin (worn)
Talismans
 c - a beast talisman
 d - a flux talisman
Scrolls
 e - a scroll of teleportation {unknown}
Potions
 b - a potion of lignification

Dungeon Overview and Level Annotations

Branches:
Dungeon (1/15) Zot: 5900

Altars:

#..# #.# #..# #.#
#..# #.#
#####..###.####
#.............#####..
#.###................
#†###.#.#.#####. #.#
#...#.# #h# ###.#.#
#g# #.#.# #.# #.#.#
#.# #.#.# ... ).#.#
#.# ###.# #.# #.# #.#
..#


You could see a hobgoblin.


Message History

You barely miss the jackal. The jackal bites you.
The jackal closely misses you. 😕 HP[-1]
You take 1 damage, and now have 12/15 hp.
You closely miss the jackal.
The jackal bites you but does no damage.
You closely miss the jackal. The jackal barely misses you.
Unknown command.
You barely miss the jackal. The jackal misses you.
You hit the jackal but do no damage.
A hobgoblin comes into view. 😕 HP[+1]
You hit the jackal. The jackal bites you. 😕 HP[-1]
You take 1 damage, and now have 12/15 hp.
You barely miss the jackal. Your punch misses the jackal.
The jackal bites you but does no damage.
The jackal barely misses you.
Unknown command.
You punch the jackal!
You kill the jackal!
You hit the jackal but do no damage. The jackal closely misses you.
You hit the jackal. The jackal closely misses you.
The jackal misses you. 😕 HP[+1]
You hit the jackal. The jackal bites you. 😕 HP[-1]
You take 1 damage, and now have 12/15 hp.
Unknown command.
You closely miss the jackal. The jackal bites you. 😮 HP[-2]
You take 2 damage, and now have 10/15 hp.
You are too injured to fight recklessly!
You miss the jackal. The jackal barely misses you.
The jackal bites you. 😮 HP[-1]
You take 1 damage, and now have 9/15 hp.
You are too injured to fight recklessly!
You hit the jackal.
You kill the jackal!
The jackal misses you. 😮 HP[+1] Unknown command.
You are too injured to fight recklessly!
You hit the jackal. The jackal closely misses you.
You hit the jackal.
You kill the jackal!
You are too injured to fight recklessly!
You barely miss the jackal. You punch the jackal.
You kill the jackal!
Unknown command.
You are too injured to fight recklessly!
You barely miss the hobgoblin. The hobgoblin hits you. 😮 HP[-2]
You take 2 damage, and now have 8/15 hp.
You hit the hobgoblin but do no damage. The hobgoblin misses you. 😮 HP[+1]
You are too injured to fight recklessly!
You barely miss the hobgoblin.
The hobgoblin hits you but does no damage.
Unknown command.
You are too injured to fight recklessly!
You hit the hobgoblin. The hobgoblin closely misses you.
You are too injured to fight recklessly!
You closely miss the hobgoblin. The hobgoblin hits you.
* * * LOW HITPOINT WARNING * * *
😨 HP[-4]
You take 4 damage, and now have 5/15 hp.
MASSIVE DAMAGE!! (PAUSE)
You hit the hobgoblin.
You kill the hobgoblin!
Things that are here:
a hobgoblin corpse; a jackal corpse; 😨 HP[+1]
A hobgoblin comes into view.
Unknown command.
A hobgoblin is nearby!
A hobgoblin is nearby!
A hobgoblin is nearby!
You are too injured to fight recklessly!
Things that are here:
a hobgoblin corpse; a jackal corpse You are too injured to fight recklessly!
You hit the hobgoblin. The hobgoblin hits you.
* * * LOW HITPOINT WARNING * * *
A hobgoblin comes into view. It is wielding a +0 club. 😨 HP[-2]
You take 2 damage, and now have 4/15 hp.
You are too injured to fight recklessly!
The hobgoblin shouts!
You hit the hobgoblin.
You kill the hobgoblin!
Your Unarmed Combat skill increases to level 3!
You have reached level 2!
Your demonic ancestry asserts itself...
Yellow scales grow over part of your body. 😱 HP[+1] MP[+1]
You now have 21 max hp (+6).
Your mp is fully restored (2).
You see here a hobgoblin corpse. 😨 HP[+1] Unknown command.
The hobgoblin hits you with a +0 club.
You die...

Skill      XL: |  1 |
---------------+----+-----
Unarmed Combat | 3 |  3.0
Fighting       | |  1.0
Dodging        | |  1.7
Shapeshifting  | |  2.9

Action                     || total
---------------------------++-------
  Melee: Unarmed           ||    28
         Punch             ||     1
 Armour: Animal skin       ||    15
  Dodge: Dodged            ||    14

Levels and vault maps discovered:
D:1:      ncdulo_halloftheorcs, layout_loops_ring

Notes
Turn   | Place    | Note
-------+----------+-------------------------------------------
     0 | D:1      | ytrimaz the Demonspawn Shapeshifter began the quest for the
                  | Orb.
     0 | D:1      | Reached XP level 1. HP: 15/15 MP: 1/1
     0 | D:1      | magus.rc [v1.9.6]
    98 | D:1      | Reached skill level 3 in Unarmed Combat
    98 | D:1      | Gained mutation: You are partially covered in yellow
                  | scales. (AC +2) [demonic ancestry]
    98 | D:1      | Reached XP level 2. HP: 5/21 MP: 2/2
   100 | D:1      | Slain by a hobgoblin

Vanquished Creatures
  2 hobgoblins (D:1)
  4 jackals (D:1)
6 creatures vanquished.

Table legend:
 A = Non-vault XP
 B = Vault XP
 C = Vault XP percentage of total XP
 D = Non-vault monster count
 E = Vault monster count
 F = Vault count percentage of total count
                 A         B        C        D         E       F
            +---------+---------+-------+---------+---------+-------
      Total |      12 |       0 |   0.0 |       6 |       0 |   0.0
            +---------+---------+-------+---------+---------+-------
        D:1 |      12 |       0 |   0.0 |       6 |       0 |   0.0
            +---------+---------+-------+---------+---------+-------

Skill      XL: |  1 |
---------------+----+-----
Unarmed Combat | 3 |  3.0
Fighting       | |  1.0
Dodging        | |  1.7
Shapeshifting  | |  2.9

Action                     || total
---------------------------++-------
  Melee: Unarmed           ||    28
         Punch             ||     1
 Armour: Animal skin       ||    15
  Dodge: Dodged            ||    14

Illustrated notes

Table legend:
 A = Kills in this place as a percentage of kills in the entire game.
 B = Kills by you in this place as a percentage of kills by you in the entire game.
 C = Kills by friends in this place as a percentage of kills by friends in the entire game.
 D = Other kills in this place as a percentage of other kills in the entire game.
 E = Experience gained in this place as a percentage of experience gained in the entire game.
 F = Experience gained in this place divided by the number of levels of this place that you have seen.
                   A       B       C       D       E      F
               +-------+-------+-------+-------+-------+----------------------
         Total | 100.0 | 100.0 |   N/A |   N/A | 100.0 |  12.0
       Dungeon | 100.0 | 100.0 |   N/A |   N/A | 100.0 |  12.0
               +-------+-------+-------+-------+-------+----------------------

Table legend: (Time is in decaauts)
 A = Elapsed time spent in this place.
 B = Non-inter-level travel time spent in this place.
 C = Inter-level travel time spent in this place.
 D = Time resting spent in this place.
 E = Time spent auto-exploring this place.
 F = Levels seen in this place.
 G = Mean time per level.
                   A        B        C        D        E       F      G
               +--------+--------+--------+--------+--------+-----+--------+
         Total |     98 |     98 |      0 |      0 |     60 |   1 |   98.0 |
       Dungeon |     98 |     98 |      0 |      0 |     60 |   1 |   98.0 |
               +--------+--------+--------+--------+--------+-----+--------+

Top non-repeatable levels by time:
     D:1: 98 daAuts
